[Event "Titled Tuesday Blitz June 21 Early 2022"]
[White "Dhanush, Bharadwaj"]
[Black "Csonka, Balazs"]
[WhiteFideId "25058746"]
[BlackFideId "742910"]
[WhiteElo "2291"]
[BlackElo "2404"]
[Result "0-1"]
[Round "07"]
[TimeControl "180+1"]
[Date "2022.06.21"]
[WhiteClock "0:00:04"]
[BlackClock "0:00:16"]

1. Nf3 Nf6 2. c4 g6 3. b4 Bg7 4. Bb2 O-O 5. g3 b6 6. Bg2 Bb7 7. O-O d6 8. d4 e6 9. Nbd2 Nc6 10. a3 Ne7 11. Rc1 Ne4 12. Nxe4 Bxe4 13. Qb3 d5 14. Rfd1 c6 15. Ne1 Bxg2 16. Nxg2 Qd7 17. cxd5 cxd5 18. Rc2 Rfc8 19. Rdc1 Nf5 20. e3 Nd6 21. Rxc8+ Rxc8 22. Rxc8+ Qxc8 23. Qc3 Qxc3 24. Bxc3 b5 25. Ne1 Nc4 26. Nc2 Kf8 27. Kf1 Ke7 28. Ke2 Kd6 29. Kd3 f6 30. Ke2 Bf8 31. Kd3 Kc6 32. Ke2 e5 33. Kd3 e4+ 34. Ke2 f5 35. Kd1 Bd6 36. Ke2 a5 37. Kd1 Nxa3 38. Nxa3 axb4 39. Bxb4 Bxb4 40. Nc2 Bc3 41. Kc1 b4 42. Kb1 Kb5 43. Ka2 Kc4 0-1


[Site "https://www.chess.com"]

[Event "Titled Tuesday Blitz June 21 Early 2022"]
[White "Durarbayli, Vasif"]
[Black "Fedoseev, Vladimir"]
[WhiteFideId "13402935"]
[BlackFideId "24130737"]
[WhiteElo "2528"]
[BlackElo "2726"]
[Result "1/2-1/2"]
[Round "07"]
[TimeControl "180+1"]
[Date "2022.06.21"]
[WhiteClock "0:00:05"]
[BlackClock "0:00:02"]

1. e4 c6 2. Nf3 d5 3. Nc3 Bg4 4. h3 Bxf3 5. Qxf3 Nf6 6. Be2 e5 7. O-O Bb4 8. exd5 cxd5 9. Bb5+ Kf8 10. d4 e4 11. Qf5 Nc6 12. Bxc6 bxc6 13. Na4 Qd7 14. Qxd7 Nxd7 15. f3 Re8 16. fxe4 Rxe4 17. Bf4 f5 18. c3 Be7 19. b4 Kf7 20. Nb2 g5 21. Bd2 Ke6 22. Nd3 f4 23. Rae1 Bd6 24. Nf2 Rxe1 25. Rxe1+ Kf5 26. a4 Nf6 27. Rf1 Re8 28. g4+ Kg6 29. Re1 Ne4 30. Kg2 Kf7 31. Re2 Nxd2 32. Rxd2 Re3 33. Rd3 Re2 34. Kf3 Rc2 35. h4 h6 36. hxg5 hxg5 37. Nh3 Kf6 38. Nf2 Bc7 39. a5 Bd6 40. Nh3 Be7 41. Nf2 Ke6 42. Kg2 Kd7 43. Kf1 Kc7 44. Nd1 Rh2 45. Nf2 Kb7 46. Rh3 Rxh3 47. Nxh3 Ka6 48. Ke2 Kb5 49. Kd3 Ka4 50. Ng1 Kb3 51. Nf3 Bf6 52. Ne5 a6 53. Nxc6 f3 54. Nb8 f2 55. Ke2 Kxc3 56. Nxa6 Kc4 57. Nc7 Bxd4 58. b5 Be5 59. b6 Kc5 60. Ne6+ Kb5 61. b7 Kxa5 62. Nxg5 Kb6 63. Nf7 Bg3 64. Nd8 Kc7 65. g5 Kxd8 66. g6 Ke7 67. b8=Q Bxb8 68. Kxf2 Kf6 69. Ke3 Kxg6 70. Kd4 Kf5 71. Kxd5 1/2-1/2


[Site "https://www.chess.com"]

[Event "Titled Tuesday Blitz June 21 Early 2022"]
[White "Eggleston, Thomas A"]
[Black "Jakubowski, Krzysztof"]
[WhiteFideId "412139"]
[BlackFideId "1112848"]
[WhiteElo "2174"]
[BlackElo "2365"]
[Result "0-1"]
[Round "07"]
[TimeControl "180+1"]
[Date "2022.06.22"]
[WhiteClock "0:00:14"]
[BlackClock "0:00:02"]

1. e4 c6 2. d4 d5 3. exd5 cxd5 4. c4 Nf6 5. Nc3 e6 6. Nf3 Nc6 7. Bg5 Be7 8. Bd3 dxc4 9. Bxc4 O-O 10. O-O Nb4 11. a3 Nbd5 12. Bd3 Bd7 13. Bc2 Rc8 14. Qd3 g6 15. Ne5 Nxc3 16. bxc3 Nd5 17. Bd2 b5 18. a4 bxa4 19. Rfb1 Bc6 20. c4 Nf6 21. Nxc6 Rxc6 22. Rxa4 Qc7 23. Rba1 a6 24. g3 Ra8 25. Bd1 Ra7 26. Bf3 Kg7 27. Bxc6 Qxc6 28. c5 h5 29. Rxa6 Rxa6 30. Rxa6 Qd5 31. Ra3 Ne4 32. Be3 Bf6 33. Qb3 Qf5 34. c6 h4 35. c7 h3 36. Bh6+ Kh7 37. Qe3 Nd6 38. Bf4 Qb1+ 39. Qc1 Qe4 40. Bxd6 Qg2# 0-1


[Site "https://www.chess.com"]

[Event "Titled Tuesday Blitz June 21 Early 2022"]
[White "Einarsson, Halldor Gretar"]
[Black "De Souza, Cristiano Gomes"]
[WhiteFideId "2300150"]
[BlackFideId "2151758"]
[WhiteElo "2114"]
[BlackElo "2068"]
[Result "1-0"]
[Round "07"]
[TimeControl "180+1"]
[Date "2022.06.22"]
[WhiteClock "0:00:18"]
[BlackClock "0:00:43"]

1. d4 Nf6 2. c4 g6 3. f3 d6 4. e4 Bg7 5. Nc3 O-O 6. Be3 Nc6 7. Qd2 e5 8. Nge2 Rb8 9. Rc1 a6 10. Nd1 Bd7 11. g3 exd4 12. Nxd4 Re8 13. Bg2 Nxd4 14. Bxd4 Bc6 15. O-O Nh5 16. Ne3 Qd7 17. Rfd1 Bxd4 18. Qxd4 Ng7 19. Ng4 Nh5 20. Nh6+ Kf8 21. Qh8+ Ke7 22. Qxh7 Qe6 23. Bh3 Qf6 24. Ng4 Qxb2 25. Qh6 Bd7 26. Qg5+ Nf6 27. e5 Bxg4 28. Qxf6+ Kf8 29. Qh8+ Ke7 30. exd6+ 1-0


[Site "https://www.chess.com"]

[Event "Titled Tuesday Blitz June 21 Early 2022"]
[White "Ferreira, Vitor Hugo Vieira"]
[Black "Bilych, Olexiy"]
[WhiteFideId "2119765"]
[BlackFideId "14156504"]
[WhiteElo "2165"]
[BlackElo "2189"]
[Result "0-1"]
[Round "07"]
[TimeControl "180+1"]
[Date "2022.06.22"]
[WhiteClock "0:00:15"]
[BlackClock "0:01:33"]

1. d4 Nf6 2. c4 e6 3. Nf3 d5 4. g3 Bb4+ 5. Nbd2 O-O 6. Bg2 dxc4 7. Qc2 b5 8. O-O Bb7 9. e4 Bxd2 10. Nxd2 Qxd4 11. a4 a6 12. Rd1 Rd8 13. Re1 Nc6 14. Nf3 Qc5 15. Bg5 Nb4 16. Qc3 Nxe4 17. Rxe4 Bxe4 18. Bxd8 Rxd8 19. axb5 axb5 20. h4 h6 21. Ne5 Bxg2 22. Kxg2 Nd3 23. Ng4 Qc6+ 24. Kg1 Qf3 25. Nh2 Qxf2+ 26. Kh1 Qxg3 0-1


[Site "https://www.chess.com"]

[Event "Titled Tuesday Blitz June 21 Early 2022"]
[White "Florescu, Codrut-Constantin"]
[Black "Deviprasath, Sharvesh"]
[WhiteFideId "1202200"]
[BlackFideId "30938228"]
[WhiteElo "2191"]
[BlackElo "2102"]
[Result "1-0"]
[Round "07"]
[TimeControl "180+1"]
[Date "2022.06.22"]
[WhiteClock "0:01:42"]
[BlackClock "0:00:05"]

1. d4 Nf6 2. Nf3 g6 3. c4 Bg7 4. Nc3 d6 5. e4 O-O 6. Be2 e5 7. d5 a5 8. h3 Na6 9. Bg5 h6 10. Be3 Nc5 11. Nd2 Nfd7 12. g4 f5 13. gxf5 gxf5 14. exf5 Rxf5 15. Nde4 Qh4 16. Bg4 Rf7 17. Qc2 Nxe4 18. Nxe4 Nf6 19. Nxf6+ Rxf6 20. O-O-O Bxg4 21. hxg4 Qxg4 22. Rdg1 Qf5 23. Bxh6 Qxc2+ 24. Kxc2 Rxf2+ 25. Kd3 Rf7 26. Ke4 Raf8 27. Rg4 c6 28. Rhg1 Kh7 29. Bxg7 Rf4+ 30. Rxf4 Rxf4+ 31. Kd3 Rf3+ 32. Kc2 Rf7 33. Bxe5 dxe5 34. d6 c5 35. Kb3 Rd7 36. Rg5 b6 37. Rxe5 Rxd6 38. Rd5 Kg6 39. Rxd6+ 1-0


[Site "https://www.chess.com"]

[Event "Titled Tuesday Blitz June 21 Early 2022"]
[White "Flynn, Jacob"]
[Black "Abdi, Farzad"]
[WhiteFideId "2509393"]
[BlackFideId "2076829"]
[WhiteElo "1896"]
[BlackElo "2280"]
[Result "1-0"]
[Round "07"]
[TimeControl "180+1"]
[Date "2022.06.22"]
[WhiteClock "0:01:08"]
[BlackClock "0:00:02"]

1. d4 Nf6 2. c4 e5 3. dxe5 Ng4 4. Bf4 g5 5. Bg3 Nc6 6. Nf3 Bg7 7. Nc3 Ngxe5 8. Nxe5 Nxe5 9. e3 d6 10. h4 g4 11. h5 h6 12. Be2 Bf5 13. e4 Bh7 14. Qd2 a6 15. O-O-O b5 16. cxb5 axb5 17. Bxb5+ Kf8 18. Kb1 c6 19. Be2 d5 20. Ka1 Qa5 21. exd5 c5 22. d6 c4 23. Bxe5 Bxe5 24. d7 Rd8 25. Bxc4 Kg7 26. Rhe1 Rxd7 27. Qxd7 Qxc3 28. Qxf7# 1-0


[Site "https://www.chess.com"]

[Event "Titled Tuesday Blitz June 21 Early 2022"]
[White "Gabrielian, Artur"]
[Black "Arabidze, Meri"]
[WhiteFideId "4131002"]
[BlackFideId "13604040"]
[WhiteElo "2440"]
[BlackElo "2335"]
[Result "0-1"]
[Round "07"]
[TimeControl "180+1"]
[Date "2022.06.22"]
[WhiteClock "0:00:04"]
[BlackClock "0:00:13"]

1. e4 c5 2. Nf3 e6 3. Nc3 Nc6 4. Bb5 Nge7 5. O-O a6 6. Bxc6 Nxc6 7. d4 cxd4 8. Nxd4 Qc7 9. Be3 Be7 10. Qe2 O-O 11. Rad1 b5 12. a3 Bb7 13. f3 Ne5 14. Kh1 Nc4 15. Bc1 Nxa3 16. f4 Nc4 17. f5 Bf6 18. Rd3 b4 19. Nd1 d5 20. fxe6 dxe4 21. Rh3 Bxd4 22. Qh5 h6 23. Bxh6 fxe6 24. Re1 gxh6 25. c3 Bg7 26. Rg3 Qf7 27. Qe2 Bd5 28. b3 Ne5 29. c4 Bb7 30. Ne3 Nd3 31. Rb1 a5 32. h3 a4 33. Ng4 Kh8 34. Kh2 a3 35. Qe3 Qf4 36. Qb6 a2 37. Rd1 a1=Q 38. Rxa1 Rxa1 39. Qxb7 Rf7 40. Qc8+ Kh7 41. Qxe6 h5 42. Ne3 h4 43. Qg6+ Kg8 44. Nf5 hxg3+ 45. Nxg3 Nf2 46. Qe6 Ng4+ 47. hxg4 Qh6+ 0-1


[Site "https://www.chess.com"]

[Event "Titled Tuesday Blitz June 21 Early 2022"]
[White "Goltseva, Ekaterina"]
[Black "Hoffmann, Asa"]
[WhiteFideId "24173770"]
[BlackFideId "2001470"]
[WhiteElo "2086"]
[BlackElo "2117"]
[Result "1-0"]
[Round "07"]
[TimeControl "180+1"]
[Date "2022.06.22"]
[WhiteClock "0:01:05"]
[BlackClock "0:01:02"]

1. d4 Nf6 2. Nf3 d6 3. Bf4 Bg4 4. e3 Nbd7 5. Be2 c6 6. O-O Nh5 7. Bg5 h6 8. Bh4 g5 9. Nfd2 Bxe2 10. Qxe2 Ng7 11. Bg3 Nf5 12. c4 Bg7 13. Nc3 e6 14. Nde4 Nxg3 15. Nxd6+ Ke7 16. fxg3 Kxd6 17. Rxf7 Qg8 18. Ne4+ Kc7 19. Raf1 Rf8 20. Qh5 Rxf7 21. Rxf7 Bf8 22. Nf6 Kc8 23. Nxg8 1-0


[Site "https://www.chess.com"]

[Event "Titled Tuesday Blitz June 21 Early 2022"]
[White "Grischuk, Alexander"]
[Black "Lashkin, Jegor"]
[WhiteFideId "4126025"]
[BlackFideId "13907808"]
[WhiteElo "2762"]
[BlackElo "2368"]
[Result "0-1"]
[Round "07"]
[TimeControl "180+1"]
[Date "2022.06.21"]
[WhiteClock "0:00:03"]
[BlackClock "0:00:06"]

1. d4 Nf6 2. Nf3 d5 3. Bf4 e6 4. Nbd2 Bd6 5. Bg5 h6 6. Bxf6 Qxf6 7. e4 Qd8 8. Bd3 O-O 9. e5 Be7 10. c3 b6 11. Bb1 Ba6 12. Qc2 g6 13. h4 h5 14. g4 hxg4 15. Nh2 Kg7 16. Nxg4 Rh8 17. Nf3 Bxh4 18. Rg1 Nd7 19. Qd2 Qe7 20. Bc2 Rh5 21. O-O-O Rah8 22. Kb1 Kf8 23. Ba4 b5 24. Bc2 c5 25. Qf4 Bg5 26. Nxg5 Qxg5 27. Qf3 Rh3 28. Qe2 Qf4 29. Ne3 c4 30. Rg4 Qf3 31. Qd2 Rh2 32. Rf1 Rh1 33. Bd1 Rxf1 34. Nxf1 Qf5+ 35. Kc1 Rh1 36. Qe2 Rh2 37. Ne3 Qxf2 38. Qxf2 Rxf2 39. Rg1 Rh2 40. Ng4 Rh4 41. Kd2 Kg7 42. Ke3 Rh3+ 43. Kf4 Bb7 44. Nf2 Rh4+ 45. Kg3 Rh8 46. Ng4 a5 47. a3 Bc6 48. Bc2 b4 49. axb4 axb4 50. cxb4 Rb8 51. Rb1 Rxb4 52. Ne3 Nb6 53. Ng4 Ba4 54. Bxa4 Nxa4 55. Nf6 Rb3+ 56. Kf4 Nc3 57. Rh1 Ne2+ 58. Kg4 Rg3+ 59. Kh4 g5+ 0-1


[Site "https://www.chess.com"]

[Event "Titled Tuesday Blitz June 21 Early 2022"]
[White "Gubajdullin, Alexei"]
[Black "Mickiewicz, Piotr"]
[WhiteFideId "4141202"]
[BlackFideId "1114891"]
[WhiteElo "2280"]
[BlackElo "2209"]
[Result "0-1"]
[Round "07"]
[TimeControl "180+1"]
[Date "2022.06.22"]
[WhiteClock "0:00:01"]
[BlackClock "0:00:15"]

1. d4 e6 2. Nf3 d5 3. Bf4 Nf6 4. e3 Bd6 5. Ne5 O-O 6. Nd2 c5 7. c3 Nc6 8. Bg3 Bxe5 9. dxe5 Nd7 10. f4 f6 11. exf6 Qxf6 12. Bd3 e5 13. O-O e4 14. Bc2 c4 15. b3 Qxc3 16. bxc4 Nb4 17. Bb3 Qxe3+ 18. Kh1 Nd3 19. cxd5 N7c5 20. d6+ Kh8 21. Nc4 Qd4 22. f5 Bxf5 23. Be5 Nf2+ 24. Rxf2 Qxf2 25. Bd4 e3 26. Bxe3 Ne4 27. Qd4 Qe2 28. Ne5 Rad8 29. d7 Nf6 30. Bc4 Qc2 31. Rf1 Qe4 32. Nf7+ Rxf7 33. Bxf7 Qxd4 34. Bxd4 Rxd7 35. Bxf6 gxf6 36. Bc4 Rc7 37. Bb3 Rc5 38. h3 Kg7 39. Re1 Kg6 40. Re7 b5 41. Rxa7 Bc2 42. Bf7+ Kg5 43. Kh2 h5 44. Re7 h4 45. Re8 f5 46. Rg8+ Kf6 47. Be8 Be4 48. Bd7 Rc2 49. Bxb5 Ke5 50. a4 f4 51. Kg1 Rc1+ 52. Kf2 Rc2+ 53. Kg1 Ra2 54. Rg5+ Kd4 55. Rg4 Ke3 56. Rg5 Ra1+ 57. Kh2 f3 58. gxf3 Bxf3 59. Rg2 Bxg2 60. Kxg2 Ra2+ 61. Kf1 Kf3 62. Ke1 Kg3 63. Bd7 Ra3 64. Kd2 Rb3 65. Kc2 Rb7 66. Be6 Rb4 67. Bd7 Rd4 68. Be6 Rxa4 69. Kd3 Rf4 70. Ke3 Rf6 71. Bd7 Rf8 72. Ke2 Rf7 73. Bg4 Re7+ 74. Kf1 Re5 0-1


[Site "https://www.chess.com"]

[Event "Titled Tuesday Blitz June 21 Early 2022"]
[White "Harsh Suresh"]
[Black "parintele_chess"]
[WhiteFideId "45018464"]
[WhiteElo "2059"]
[BlackElo "2238"]
[Result "1-0"]
[Round "07"]
[TimeControl "180+1"]
[Date "2022.06.22"]
[WhiteClock "0:00:56"]
[BlackClock "0:00:41"]

1. e4 c6 2. d4 d5 3. e5 Bf5 4. Nf3 e6 5. Be2 Ne7 6. Nbd2 c5 7. c3 Nbc6 8. Nf1 Bg4 9. Ne3 Bxf3 10. Bxf3 g6 11. h4 h5 12. O-O Nf5 13. Nxf5 gxf5 14. g3 Be7 15. Be3 Rg8 16. Bg2 Rg4 17. Kh2 Bxh4 18. Bh3 Re4 19. gxh4 f4 20. Bd2 cxd4 21. cxd4 Qxh4 22. Bc3 O-O-O 23. Qf3 Nxd4 24. Bxd4 Rxd4 25. Rac1+ Kb8 26. Rfd1 Rxd1 27. Rxd1 Rc8 28. Rd4 Rc2 29. Rxf4 Rxb2 30. Rxh4 1-0


[Site "https://www.chess.com"]

[Event "Titled Tuesday Blitz June 21 Early 2022"]
[White "Heinemann, Josefine"]
[Black "Zhigalko, Sergei"]
[WhiteFideId "12900460"]
[BlackFideId "13502956"]
[WhiteElo "2300"]
[BlackElo "2662"]
[Result "0-1"]
[Round "07"]
[TimeControl "180+1"]
[Date "2022.06.21"]
[WhiteClock "0:01:04"]
[BlackClock "0:00:06"]

1. e4 c5 2. Nf3 Nc6 3. Bb5 Nf6 4. e5 Nd5 5. O-O Nc7 6. Bxc6 dxc6 7. Re1 h6 8. h3 Bf5 9. d3 Ne6 10. Nbd2 g5 11. Nh2 Bg7 12. a4 Qd5 13. Nc4 Bg6 14. a5 O-O-O 15. Qf3 Nd4 16. Qd1 Nxc2 17. Qxc2 Bxd3 18. Nb6+ axb6 19. Qc3 b5 20. a6 b4 21. axb7+ Kxb7 22. Qd2 Bb5 23. Qe3 Ra8 24. Rxa8 Rxa8 25. Qg3 Ra1 26. Nf3 Qc4 27. Bd2 Rxe1+ 28. Bxe1 Qc1 29. Kh2 Be2 30. Bd2 Qxb2 31. Be3 Bxf3 32. Qxf3 Qxe5+ 33. g3 Qd5 34. Qe2 e6 35. h4 Bd4 36. hxg5 hxg5 37. Bd2 b3 0-1


[Site "https://www.chess.com"]

[Event "Titled Tuesday Blitz June 21 Early 2022"]
[White "Hosseinzadeh, Nima"]
[Black "Bryakin, Mikhail"]
[WhiteFideId "12505323"]
[BlackFideId "4165314"]
[WhiteElo "2066"]
[BlackElo "2417"]
[Result "0-1"]
[Round "07"]
[TimeControl "180+1"]
[Date "2022.06.22"]
[WhiteClock "0:01:38"]
[BlackClock "0:01:09"]

1. e4 c5 2. Nf3 d6 3. d4 cxd4 4. Nxd4 Nf6 5. Nc3 Nc6 6. Bg5 e6 7. Qd2 Be7 8. O-O-O a6 9. f4 Qa5 10. Kb1 h6 11. Bh4 Bd7 12. e5 dxe5 13. Bxf6 Bxf6 14. Nf5 O-O 15. Nxh6+ gxh6 16. Qxd7 Rad8 17. Qxb7 Qxc3 18. bxc3 Rxd1+ 19. Kb2 Rb8 0-1


[Site "https://www.chess.com"]

[Event "Titled Tuesday Blitz June 21 Early 2022"]
[White "Ianov, Viktor"]
[Black "Korchmar, Vasiliy"]
[WhiteFideId "14102730"]
[BlackFideId "24131750"]
[WhiteElo "2152"]
[BlackElo "2370"]
[Result "0-1"]
[Round "07"]
[TimeControl "180+1"]
[Date "2022.06.21"]
[WhiteClock "0:01:09"]
[BlackClock "0:00:09"]

1. Nf3 d5 2. g3 Nc6 3. Bg2 Bg4 4. c4 dxc4 5. Qa4 Qd7 6. Qxc4 e5 7. Nc3 O-O-O 8. d3 Kb8 9. Be3 Nf6 10. Rc1 Bh3 11. Bxh3 Qxh3 12. Qxf7 e4 13. dxe4 Bb4 14. Qc4 Rhe8 15. e5 Ng4 16. Bd2 Qg2 17. Rf1 Ngxe5 18. Nxe5 Nxe5 19. Qe4 Nd3+ 20. exd3 Bxc3 21. Rxc3 Rxe4+ 22. dxe4 Qxe4+ 23. Be3 Qb1+ 24. Rc1 Qxb2 25. Rh1 Qxa2 26. Kf1 Qd5 27. Kg1 Qf3 28. h4 Rd1+ 29. Rxd1 Qxd1+ 30. Kg2 Qe2 31. Rc1 b6 32. Rc6 Qd3 33. Rc1 Qd5+ 34. Kh2 a5 35. Bf4 Qd7 36. Kg2 a4 37. h5 b5 38. Rc5 Kb7 39. Kf3 c6 40. Ke3 a3 41. Rc2 a2 42. Rxa2 Qe6+ 43. Kd4 Qxa2 0-1


[Site "https://www.chess.com"]

[Event "Titled Tuesday Blitz June 21 Early 2022"]
[White "Ibrahimli, Murad"]
[Black "Xiong, Jeffery"]
[WhiteFideId "13410229"]
[BlackFideId "2047640"]
[WhiteElo "2109"]
[BlackElo "2714"]
[Result "1-0"]
[Round "07"]
[TimeControl "180+1"]
[Date "2022.06.21"]
[WhiteClock "0:00:19"]
[BlackClock "0:00:01"]

1. d4 d5 2. c4 e6 3. Nf3 dxc4 4. e3 a6 5. Bxc4 Nf6 6. Bb3 c5 7. O-O Nc6 8. Nc3 Be7 9. a3 O-O 10. Bc2 b5 11. Ne4 c4 12. Nc3 Bd6 13. e4 e5 14. dxe5 Nxe5 15. h3 Re8 16. Bf4 Bb7 17. Nxe5 Bxe5 18. Bxe5 Rxe5 19. Qxd8+ Rxd8 20. f4 Ree8 21. Rad1 Kf8 22. e5 Nd5 23. Nxd5 Bxd5 24. Rd4 Bb7 25. Rfd1 Ke7 26. Rxd8 Rxd8 27. Rxd8 Kxd8 28. Bxh7 g6 29. h4 a5 30. Kf2 b4 31. axb4 axb4 32. h5 gxh5 33. g3 Ke7 34. Ke3 f6 35. exf6+ Kxf6 36. Kd4 Ba6 37. Bc2 Kg7 38. Kc5 c3 39. b3 Be2 40. Kxb4 1-0


[Site "https://www.chess.com"]

[Event "Titled Tuesday Blitz June 21 Early 2022"]
[White "Itkis, Boris"]
[Black "Maiorov, Nikita"]
[WhiteFideId "1209167"]
[BlackFideId "13501720"]
[WhiteElo "2207"]
[BlackElo "2417"]
[Result "0-1"]
[Round "07"]
[TimeControl "180+1"]
[Date "2022.06.22"]
[WhiteClock "0:00:04"]
[BlackClock "0:00:06"]

1. Nf3 d5 2. b3 e6 3. Bb2 Nf6 4. e3 Be7 5. d4 O-O 6. Nbd2 c5 7. Bd3 Nc6 8. O-O b6 9. c4 cxd4 10. Nxd4 Nb4 11. Bb1 dxc4 12. Nxc4 Bb7 13. a3 Nbd5 14. Nf3 Rc8 15. Qd4 b5 16. Nce5 a6 17. Rd1 Qc7 18. Bd3 Qb6 19. Qxb6 Nxb6 20. Bd4 Nbd5 21. Bf1 Ne4 22. b4 Rfd8 23. Rac1 f6 24. Nd3 Ndc3 25. Bxc3 Nxc3 26. Rd2 Ne4 27. Rdc2 Rxc2 28. Rxc2 Bf8 29. Nd2 Nxd2 30. Rxd2 e5 31. Rd1 Rc8 32. Rc1 Rxc1 33. Nxc1 e4 34. Nb3 Kf7 35. Na5 Bd5 36. Be2 Ke6 37. Kf1 Bd6 38. Ke1 Be5 39. a4 bxa4 40. Bxa6 a3 41. Bc4 a2 42. Bxa2 Bxa2 43. Kd2 Bd5 44. g3 g5 45. b5 h5 46. b6 Kd7 0-1


[Site "https://www.chess.com"]

[Event "Titled Tuesday Blitz June 21 Early 2022"]
[White "Jeet, Jain"]
[Black "Veiga, Jose Francisco R P Neves"]
[WhiteFideId "5073022"]
[BlackFideId "1930087"]
[WhiteElo "2055"]
[BlackElo "2326"]
[Result "1-0"]
[Round "07"]
[TimeControl "180+1"]
[Date "2022.06.22"]
[WhiteClock "0:01:07"]
[BlackClock "0:00:03"]

1. c4 Nc6 2. e3 e5 3. d4 exd4 4. exd4 d5 5. c5 Nf6 6. Nc3 Be7 7. Nf3 O-O 8. Be2 Bg4 9. O-O Re8 10. h3 Bh5 11. Bf4 Bf8 12. a3 Ne7 13. Be5 Ne4 14. Nb5 c6 15. Nc7 Rc8 16. Nxe8 Qxe8 17. Re1 Qd7 18. Nd2 Bxe2 19. Qxe2 f6 20. Bh2 Ng5 21. h4 Nf7 22. Qe6 Qxe6 23. Rxe6 Nf5 24. Nf3 Nd8 25. Re2 b6 26. b4 Kf7 27. Rae1 Nb7 28. Bf4 bxc5 29. bxc5 Na5 30. Rb1 h5 31. Bd2 Nc4 32. Rb7+ Kg6 33. Rxa7 Rb8 34. Bb4 Nh6 35. Nd2 Nb2 36. Rc7 Nf5 37. Nf3 Nd3 38. Rxc6 Nxb4 39. axb4 Rxb4 40. Rc8 Rb1+ 41. Kh2 Be7 42. Re8 Kf7 43. Rh8 Kg6 44. Rc2 Rd1 45. g3 Bd6 46. cxd6 1-0


[Site "https://www.chess.com"]

[Event "Titled Tuesday Blitz June 21 Early 2022"]
[White "Jobava, Baadur"]
[Black "Kosakowski, Jakub"]
[WhiteFideId "13601520"]
[BlackFideId "1185080"]
[WhiteElo "2617"]
[BlackElo "2476"]
[Result "1-0"]
[Round "07"]
[TimeControl "180+1"]
[Date "2022.06.21"]
[WhiteClock "0:02:02"]
[BlackClock "0:00:48"]

1. e4 c6 2. c4 d5 3. cxd5 cxd5 4. exd5 Nf6 5. Qa4+ Nbd7 6. Nc3 g6 7. Nf3 Bg7 8. Bc4 O-O 9. d3 Nb6 10. Qb3 Bg4 11. Ne5 Bf5 12. O-O Rc8 13. Re1 Nfd7 14. Nxd7 Qxd7 15. Bg5 Nxc4 16. dxc4 Rfe8 17. Rac1 e6 18. h3 h6 19. Be3 exd5 20. Nxd5 b6 21. Bxh6 Bh8 22. Bg5 Rxe1+ 23. Rxe1 Be6 24. Ne7+ Kh7 25. Nxc8 Qxc8 26. Re4 Qc5 27. Qe3 Bxb2 28. Qxc5 bxc5 29. Be3 Ba3 30. g4 Kg7 31. Kg2 Bd7 32. Re7 Bc6+ 33. Kg3 a5 34. Rc7 1-0


[Site "https://www.chess.com"]

[Event "Titled Tuesday Blitz June 21 Early 2022"]
[White "Joie, Sebastien"]
[Black "Pham, Tran Gia Phuc"]
[WhiteFideId "650420"]
[BlackFideId "12415669"]
[WhiteElo "2397"]
[BlackElo "1789"]
[Result "1-0"]
[Round "07"]
[TimeControl "180+1"]
[Date "2022.06.22"]
[WhiteClock "0:00:13"]
[BlackClock "0:00:03"]

1. Nf3 Nf6 2. g3 g6 3. b3 c5 4. c4 Bg7 5. Bb2 O-O 6. Bg2 d5 7. cxd5 Nxd5 8. Bxg7 Kxg7 9. O-O Nc6 10. d4 cxd4 11. Nxd4 Nxd4 12. Qxd4+ Nf6 13. Qe5 Qb6 14. Nc3 Be6 15. Na4 Qb4 16. Nc5 Bf5 17. a3 Qb6 18. b4 a5 19. Qxe7 axb4 20. axb4 Rae8 21. Qxb7 Qxb7 22. Nxb7 Rxe2 23. Nd6 Be6 24. b5 Rd8 25. Rfd1 Rb8 26. Ra8 Rb6 27. Bc6 Ng4 28. Bf3 Rxf2 29. Bxg4 Bxg4 30. Kxf2 Bxd1 31. Ra6 Rb8 32. b6 Bb3 33. Ke3 Kf8 34. Kd4 Ke7 35. Kc5 Be6 36. b7 Kd7 37. Rc6 h5 38. h4 f6 39. Ra6 g5 40. hxg5 fxg5 41. Ne4 h4 42. Nxg5 hxg3 43. Rd6+ Kc7 44. Nxe6+ Kxb7 45. Rd7+ Ka6 46. Nc7+ Ka5 47. Nd5 Ka6 48. Rd6+ Kb7 49. Rg6 Rc8+ 50. Kb5 Rd8 51. Rg7+ Kb8 52. Nb6 Rd3 53. Kc6 Rc3+ 54. Kb5 Rb3+ 55. Kc5 Rc3+ 56. Kb4 Rc6 57. Kb5 Rc4 58. Nxc4 1-0


[Site "https://www.chess.com"]

[Event "Titled Tuesday Blitz June 21 Early 2022"]
[White "Joubert, Dantelle"]
[Black "Marn, Jan"]
[WhiteFideId "14310813"]
[BlackFideId "14619245"]
[WhiteElo "1507"]
[BlackElo "2105"]
[Result "1/2-1/2"]
[Round "07"]
[TimeControl "180+1"]
[Date "2022.06.22"]
[WhiteClock "0:00:05"]
[BlackClock "0:00:17"]

1. e4 e5 2. Nf3 Nc6 3. d4 exd4 4. Nxd4 Nf6 5. Nc3 Bb4 6. Nxc6 bxc6 7. Bd3 O-O 8. O-O Re8 9. Bd2 Rb8 10. f4 Bxc3 11. Bxc3 Nxe4 12. Qg4 Nxc3 13. bxc3 d5 14. Qh5 g6 15. Qh6 Qf6 16. f5 Qxc3 17. fxg6 fxg6 18. Bxg6 Qe3+ 19. Qxe3 Rxe3 20. Bd3 c5 21. Rae1 Rxe1 22. Rxe1 c4 23. Bf1 Bf5 24. Re5 Be4 25. Bxc4 c6 26. Bd3 Bxd3 27. cxd3 Rb1+ 28. Kf2 Rb2+ 29. Kf3 Rxa2 30. Re6 Ra6 31. Ke3 Kf7 32. Rh6 Kg7 33. Re6 h5 34. g3 Ra2 35. Rxc6 Rxh2 36. Rc7+ Kf6 37. Rxa7 Rh3 38. Kf4 Rh1 39. Ra6+ Ke7 40. Ke5 Rg1 41. Ra7+ Kf8 42. Kxd5 Rxg3 43. d4 h4 44. Rh7 h3 45. Ke6 Kg8 46. Rh4 Re3+ 47. Kd6 Rd3 48. d5 Kf7 49. Kc6 Ke7 50. Rh7+ Ke8 51. d6 Rc3+ 52. Kd5 Kd8 53. Ke6 Re3+ 54. Kd5 Rd3+ 55. Ke6 Re3+ 56. Kd5 Ra3 57. Ke6 Re3+ 1/2-1/2


[Site "https://www.chess.com"]

[Event "Titled Tuesday Blitz June 21 Early 2022"]
[White "Kalaiyalahan, Akshaya"]
[Black "Antonio, Jorge Carlos"]
[WhiteFideId "422894"]
[BlackFideId "113190"]
[WhiteElo "1913"]
[BlackElo "2247"]
[Result "0-1"]
[Round "07"]
[TimeControl "180+1"]
[Date "2022.06.22"]
[WhiteClock "0:00:09"]
[BlackClock "0:00:47"]

1. c4 e5 2. Nc3 Nc6 3. g3 f5 4. Bg2 Nf6 5. d3 Bb4 6. Bd2 d6 7. a3 Bxc3 8. Bxc3 O-O 9. e3 Qe8 10. Ne2 Bd7 11. O-O Qh5 12. b4 Ng4 13. h3 Nf6 14. b5 Nd8 15. Nc1 g5 16. Qxh5 Nxh5 17. a4 f4 18. exf4 gxf4 19. Bd5+ Be6 20. Bxe6+ Nxe6 21. g4 Nf6 22. f3 a6 23. Nb3 h5 24. Kf2 Kf7 25. Bb4 hxg4 26. hxg4 Rh8 27. Kg2 Ng5 28. Na5 Rh3 29. Nxb7 Rg3+ 30. Kf2 Rxf3+ 31. Ke2 Re3+ 32. Kd2 Rh8 33. bxa6 Nf3+ 34. Kc1 Rxd3 35. c5 Nd5 36. cxd6 Nxb4 37. dxc7 Rc8 38. a7 Rxc7+ 39. Kb2 Rc2+ 40. Kb1 Nd2# 0-1


[Site "https://www.chess.com"]

[Event "Titled Tuesday Blitz June 21 Early 2022"]
[White "Karttunen, Mika"]
[Black "Samsonkin, Artiom"]
[WhiteFideId "502081"]
[BlackFideId "13503111"]
[WhiteElo "2343"]
[BlackElo "2513"]
[Result "0-1"]
[Round "07"]
[TimeControl "180+1"]
[Date "2022.06.21"]
[WhiteClock "0:00:05"]
[BlackClock "0:00:09"]

1. e4 e6 2. d4 d5 3. e5 c5 4. c3 Nc6 5. Nf3 Bd7 6. Bd3 Qb6 7. O-O cxd4 8. Re1 a6 9. a3 Nge7 10. h4 Nf5 11. g4 Nfe7 12. h5 h6 13. b4 g6 14. hxg6 Nxg6 15. Bxg6 fxg6 16. Qd3 Ne7 17. Nxd4 h5 18. f3 hxg4 19. fxg4 Bg7 20. Bg5 Bb5 21. Qg3 Nc6 22. Qe3 Kd7 23. Bf6 Bxf6 24. exf6 Nxd4 25. cxd4 g5 26. Nc3 Raf8 27. Nxb5 axb5 28. Rf1 Rh4 29. Rf3 Rxg4+ 30. Kf2 Re4 31. Qc3 Rc8 32. Qb2 Rxd4 33. Kg3 Qc7+ 34. Kg2 Rg4+ 35. Kf1 Rf4 36. Qe2 Rxf3+ 37. Qxf3 Qf4 38. Qxf4 gxf4 39. Re1 Rf8 0-1


[Site "https://www.chess.com"]